cohdb
Replays
Latest Replays
All Replays
Popular Replays
Top Player Replays
Match Explorer
How It Works
Community
CoH3 Stats
Reddit
Sign in to upload your games and track your stats! →
Sign in with Steam
Match 45537714
Unlisted
Match 45537714
Overview
Messages
Build Orders
End
Construct Barracks
Riflemen Squad
Selects Special Operations Battlegroup
Selects Special Operations Battlegroup
Riflemen Squad
M1 Mortar Team
Grenade Package
Riflemen Squad
Construct Medical Station
Infantry Support Center
Selects M29 Weasel with M1 Pack Howitzer
Selects Raiding Flares
Riflemen Squad
Construct Motor Pool
M24 Chaffee Light Tank
M8 Greyhound Armored Car
Engineer Squad
Selects P-47 Anti-Infantry Loiter
Selects UNKNOWN (2162291)
Construct Tank Depot
M1 Anti-tank Gun Team
P-47 Anti-Infantry Loiter
M4A1 Sherman Whizbang
M18 Hellcat Tank Destroyer
M4A1 Sherman Whizbang
Ace-sa
mntahoe
-.d
ErniesArmy
Agent Smith
Robin Da Hood
0
0
Comments
sign in to comment!
No comments posted yet!